 Dungeon Crawl Stone Soup version 0.26.1-11-gd32895ea62 (webtiles) character file.

Game seed: 5486091146613485773

26 Zeld the Insei (level 3, 35/35 HPs)
             Began as a Gnoll Monk on June 4, 2021.
             Quit the game on level 1 of the Dungeon.
             The game lasted 00:00:46 (887 turns).

Zeld the Insei (Gnoll Monk)                          Turns: 887, Time: 00:00:47

Health: 35/35      AC:  2    Str: 14    XL:     3   Next: 8%
Magic:  3/3        EV: 16    Int: 12    God:
Gold:   53         SH:  0    Dex: 17    Spells: 3/3 levels left

rFire    . . .     SeeInvis .     - Unarmed
rCold    . . .     Faith    .   (no shield)
rNeg     . . .     Spirit   .   a - +0 robe
rPois    .         Reflect  .   (no helmet)
rElec    .         Harm     .   (no cloak)
rCorr    .         Rampage  .   (no gloves)
Will     .....                  (no boots)
Stlth    +++.......             (no amulet)
HPRegen  0.11/turn              (no ring)
MPRegen  0.08/turn              (no ring)

@: no status effects
A: distributed training, fangs 1, strong nose
a: no special abilities


You were on level 1 of the Dungeon.
You visited 1 branch of the dungeon, and saw 1 of its levels.

You collected 53 gold pieces.

Inventory:

Armour
 a - a +0 robe (worn)
Scrolls
 b - a scroll of blinking {unknown}
 e - 2 scrolls of teleportation {unknown}
 g - a scroll of remove curse {unknown}
Potions
 c - a potion of flight {unknown}
 d - a potion of brilliance {unknown}
 f - a potion of degeneration {unknown}


   Skills:
 + Level 6.5 Fighting
 + Level 0.6 Short Blades
 + Level 0.6 Long Blades
 + Level 0.6 Axes
 + Level 0.6 Maces & Flails
 + Level 0.6 Polearms
 + Level 0.6 Staves
 + Level 0.6 Slings
 + Level 0.6 Bows
 + Level 0.6 Crossbows
 + Level 0.6 Throwing
 + Level 0.6 Armour
 + Level 6.5 Dodging
 + Level 4.1 Stealth
 + Level 0.6 Shields
 + Level 6.5 Unarmed Combat
 + Level 0.6 Spellcasting
 + Level 0.4 Conjurations
 + Level 0.4 Hexes
 + Level 0.4 Summonings
 + Level 0.4 Necromancy
 + Level 0.4 Translocations
 + Level 0.4 Transmutations
 + Level 0.4 Fire Magic
 + Level 0.4 Ice Magic
 + Level 0.4 Air Magic
 + Level 0.4 Earth Magic
 + Level 0.4 Poison Magic
 + Level 0.8 Invocations
 + Level 0.6 Evocations


You had 3 spell levels left.
You didn't know any spells.
Your spell library was empty.

Dungeon Overview and Level Annotations

Branches:
Dungeon (1/15)

Altars:


Innate Abilities, Weirdness & Mutations

Your experience applies equally to all skills.
You have very sharp teeth.
Your uncanny sense of smell can sniff out nearby items.


Message History

You hit the rat.
You kill the rat!
No target in view!
No target in view!
You now have 53 gold pieces (gained 6).
You see here a rat corpse.
g - a scroll labelled TOIGROATEU Done exploring.
No target in view!
Done exploring.
No target in view!
Done exploring.
No target in view!
Done exploring.
There is an open door here.
There is a staircase leading out of the dungeon here.
There is a stone staircase leading down here.
Search for what [? for help]?
Okay, then.
Are you sure you want to abandon this character and quit the game? (Confirm with "yes".)

.###.....#..###....###....###..#.
.........#..###....###....###..##
####.....#..##..#...#...#..##..#
#........##..#..##.....##(.#..###
.........###....###...###....##..
..........###...###...###...##.##
........#...#######...#######....
................#########........
................@.....##.........
........###.#..........####......
8.##..### #.#######....#..#......
..##.## #.# ##..#....'.....)
...#.# #.# #...###<.#######
...#.# #.## ##.#.# #..'†### #
8..#.# #..####..#.######...###
.....# ##..#...#....# ##...#
.#.### #....###..#.# ##..##


There were no monsters in sight!

Vanquished Creatures
  A giant cockroach (D:1)
  3 goblins (D:1)
  3 hobgoblins (D:1)
  4 jackals (D:1)
  A kobold (D:1)
  3 bats (D:1)
  2 frilled lizards (D:1)
  7 rats (D:1)
24 creatures vanquished.

Notes
Turn   | Place    | Note
-------+----------+-------------------------------------------
     0 | D:1      | Zeld the Gnoll Monk began the quest for the Orb.
     0 | D:1      | Reached XP level 1. HP: 23/23 MP: 1/1
   175 | D:1      | Reached XP level 2. HP: 26/29 MP: 2/2
   790 | D:1      | Reached XP level 3. HP: 35/35 MP: 3/3
   887 | D:1      | Quit the game

Illustrated notes

Levels and vault maps discovered:
D:1:      dpeg_arrival_ratfight, layout_rooms, minmay_misc_feat_four_crosses,
          chequers_decorated_corner, minmay_misc_feat_x, hangedman_glass_teeth

Action                   || total
-------------------------++-------
Melee: Unarmed           ||    61
       Bite              ||     5
 Stab: Sleeping          ||     4
Armor: Robe              ||     9
Dodge: Dodged            ||    34
